BSA
SEATTLE PIKES @ ST CHARLES SHEENS
03/03/2029
 
TOP OF THE 1ST
Seattle Pikes batting - Pitching for St Charles Sheens : RHP Jesús Andrade
Pitching: RHP Jesús Andrade
Batting: RHB Pete Rideout 0-0: Called Strike
0-1: Ball
1-1: Foul Ball, location: 2F
1-2: Foul Ball, location: 2F
1-2: Foul Ball, location: 2F
1-2: Foul Ball, location: 2F
1-2: Ground out 6-3 (Groundball, 6S)
Batting: RHB Wallace Greene 0-0: Called Strike
0-1: Ball
1-1: Ball
2-1: Ball
3-1: Fly out, F7 (Flyball, 7)
Batting: LHB Richard Hunter 0-0: Called Strike
0-1: Ball
1-1: Swinging Strike
1-2: Ball
2-2: Ball
3-2: Base on Balls
Batting: RHB Manuel Rico 0-0: Called Strike
0-1: Ball
1-1: Called Strike
1-2: Foul Ball, location: 2F
1-2: Ball
Richard Hunter steals 2nd base
2-2: Ball
3-2: Foul Ball, location: 2F
3-2: Ground out 6-3 (Groundball, 6)
Top of the 1st over - 0 runs, 0 hits, 0 errors, 1 left on base; Seattle 0 - St Charles 0
BOTTOM OF THE 1ST
St Charles Sheens batting - Pitching for Seattle Pikes : RHP Roberto Matoza
Pitching: RHP Roberto Matoza
Batting: RHB Miguel Palácios 0-0: Ground out 6-3 (Groundball, 6)
Batting: RHB Víctor Arredondo 0-0: Fly out, F6 (Line Drive, 6)
Batting: LHB Larry Howard 0-0: Foul Ball, location: 2F
0-1: Fly out, F7 (Line Drive, 7D)
Bottom of the 1st over - 0 runs, 0 hits, 0 errors, 0 left on base; Seattle 0 - St Charles 0
TOP OF THE 2ND
Seattle Pikes batting - Pitching for St Charles Sheens : RHP Jesús Andrade
Batting: LHB Roberto Lozano 0-0: Ball
1-0: Foul Ball, location: 2F
1-1: SOLO HOME RUN (Flyball, 9D), Distance : 380 ft
Batting: RHB Randy Sheppard 0-0: Ball
1-0: Foul Ball, location: 2F
1-1: Ball
2-1: Ball
3-1: Fly out, F6 (Line Drive, 6)
Batting: RHB Iván Gonzáles 0-0: Ball
1-0: Called Strike
1-1: Ball
2-1: Fly out, F9 (Line Drive, 9)
Batting: RHB Arnold Harmon 0-0: Ground out U3 (Groundball, 3L)
Top of the 2nd over - 1 run, 1 hit, 0 errors, 0 left on base; Seattle 1 - St Charles 0
BOTTOM OF THE 2ND
St Charles Sheens batting - Pitching for Seattle Pikes : RHP Roberto Matoza
Batting: RHB Dan Tyler 0-0: Called Strike
0-1: Foul Ball, location: 2F
0-2: Strikes out swinging
Batting: RHB Max Rash 0-0: Ball
1-0: Ball
2-0: Ground out 5-3 (Groundball, 56)
Batting: RHB Miguel Encarnación 0-0: Called Strike
0-1: SINGLE (Line Drive, 9LM)
Batting: RHB Judson Backstrom 0-0: Ball
1-0: Ball
2-0: Ball
3-0: Base on Balls
Miguel Encarnación to second
Batting: LHB Jason Lambert 0-0: SINGLE (Groundball, 15S) (infield hit)
Miguel Encarnación to third
Judson Backstrom to second
Batting: RHB Walton Smith 0-0: Called Strike
0-1: DOUBLE (Groundball, 5L)
Miguel Encarnación scores
Judson Backstrom scores
Jason Lambert to third
Batting: RHB Miguel Palácios 0-0: Ball
1-0: Called Strike
1-1: Ground out 6-3 (Groundball, 6)
Bottom of the 2nd over - 2 runs, 3 hits, 0 errors, 2 left on base; Seattle 1 - St Charles 2
TOP OF THE 3RD
Seattle Pikes batting - Pitching for St Charles Sheens : RHP Jesús Andrade
Batting: SHB Richard Bowman 0-0: Ball
1-0: Ground out 5-3 (Groundball, 25)
Batting: RHB Pete Rideout 0-0: Swinging Strike
0-1: SINGLE (Groundball, 6D)
Batting: RHB Wallace Greene 0-0: Ball
Pete Rideout steals 2nd base
1-0: Swinging Strike
1-1: Ball
2-1: Called Strike
2-2: Ground out 1-3 (Groundball, 15)
Batting: LHB Richard Hunter 0-0: Ball
1-0: Foul Ball, location: 2F
1-1: Foul Ball, location: 2F
1-2: Ball
2-2: Strikes out looking
Top of the 3rd over - 0 runs, 1 hit, 0 errors, 1 left on base; Seattle 1 - St Charles 2
BOTTOM OF THE 3RD
St Charles Sheens batting - Pitching for Seattle Pikes : RHP Roberto Matoza
Batting: RHB Víctor Arredondo 0-0: Foul Ball, location: 2F
0-1: Ball
1-1: Ball
2-1: Fly out, F4 (Popup, 34)
Batting: LHB Larry Howard 0-0: Foul Ball, location: 2F
0-1: Ball
1-1: Swinging Strike
1-2: Foul Ball, location: 2F
1-2: Ball
2-2: Ball
3-2: Ground out 4-3 (Groundball, 4)
Batting: RHB Dan Tyler 0-0: Swinging Strike
0-1: Ball
1-1: Foul Ball, location: 2F
1-2: Foul Ball, location: 2F
1-2: Ground out 4-3 (Groundball, 4)
Bottom of the 3rd over - 0 runs, 0 hits, 0 errors, 0 left on base; Seattle 1 - St Charles 2
TOP OF THE 4TH
Seattle Pikes batting - Pitching for St Charles Sheens : RHP Jesús Andrade
Batting: RHB Manuel Rico 0-0: SINGLE (Groundball, 6MD)
Batting: LHB Roberto Lozano 0-0: Foul Ball, location: 2F
0-1: Foul Ball, location: 2F
0-2: Ball
1-2: Fly out, F7 (Flyball, 7S)
Batting: RHB Randy Sheppard 0-0: Ball
1-0: Foul Ball, location: 2F
1-1: Ball
2-1: Foul Ball, location: 2F
2-2: Ball
3-2: Fly out, F4 (Flyball, 4MD)
Batting: RHB Iván Gonzáles 0-0: Ball
1-0: Called Strike
1-1: Ground out 4-3 (Groundball, 4)
Top of the 4th over - 0 runs, 1 hit, 0 errors, 1 left on base; Seattle 1 - St Charles 2
BOTTOM OF THE 4TH
St Charles Sheens batting - Pitching for Seattle Pikes : RHP Roberto Matoza
Batting: RHB Max Rash 0-0: Called Strike
0-1: SINGLE (Line Drive, 7LS)
Batting: RHB Miguel Encarnación 0-0: Called Strike
0-1: Ball
1-1: Ball
2-1: Foul Ball, location: 2F
2-2: Strikes out swinging
Batting: RHB Judson Backstrom 0-0: Ball
1-0: Foul Ball, location: 2F
1-1: Foul Ball, location: 2F
1-2: Fly out, F8 (Flyball, 8LM)
Batting: LHB Jason Lambert 0-0: Called Strike
0-1: Ball
1-1: Foul Ball, location: 2F
1-2: SINGLE (Line Drive, 7LS)
Max Rash to second
Batting: RHB Walton Smith 0-0: Ball
1-0: Ball
2-0: Called Strike
2-1: Ball
3-1: Called Strike
3-2: Foul Ball, location: 2F
3-2: Foul Ball, location: 2F
3-2: Ground out 4-3 (Groundball, 4)
Bottom of the 4th over - 0 runs, 2 hits, 0 errors, 2 left on base; Seattle 1 - St Charles 2
TOP OF THE 5TH
Seattle Pikes batting - Pitching for St Charles Sheens : RHP Jesús Andrade
Pitching: RHP Juan Rivera
Batting: RHB Arnold Harmon 0-0: Ball
1-0: Called Strike
1-1: Called Strike
1-2: Strikes out swinging
Batting: SHB Richard Bowman 0-0: Ground out 6-3 (Groundball, 56)
Batting: RHB Pete Rideout 0-0: Called Strike
0-1: Ball
1-1: Ground out 6-3 (Groundball, 6M)
Top of the 5th over - 0 runs, 0 hits, 0 errors, 0 left on base; Seattle 1 - St Charles 2
BOTTOM OF THE 5TH
St Charles Sheens batting - Pitching for Seattle Pikes : RHP Roberto Matoza
Pitching: RHP Orlando Ojeda
Batting: RHB Miguel Palácios 0-0: Called Strike
Error on foul ball, E7
0-2: Ball
1-2: Fly out, F9 (Flyball, 9D)
Batting: RHB Víctor Arredondo 0-0: Ball
1-0: Called Strike
1-1: Ball
2-1: Called Strike
2-2: Ball
3-2: SOLO HOME RUN (Flyball, 7LD), Distance : 349 ft
Batting: LHB Larry Howard 0-0: Called Strike
0-1: Ball
1-1: Ball
2-1: Foul Ball, location: 2F
2-2: Foul Ball, location: 2F
2-2: Foul Ball, location: 2F
2-2: Ground out U3 (Groundball, 3L)
Batting: RHB Dan Tyler 0-0: Called Strike
0-1: Ball
1-1: Ball
2-1: Fly out, F8 (Flyball, 8RD)
Bottom of the 5th over - 1 run, 1 hit, 1 error, 0 left on base; Seattle 1 - St Charles 3
TOP OF THE 6TH
Seattle Pikes batting - Pitching for St Charles Sheens : RHP Juan Rivera
Batting: RHB Wallace Greene 0-0: Swinging Strike
0-1: Foul Ball, location: 2F
0-2: Foul Ball, location: 2F
0-2: Ball
1-2: Ground out U3 (Groundball, 3)
Batting: LHB Richard Hunter 0-0: Called Strike
0-1: Fly out, F8 (Flyball, 8LM)
Batting: RHB Manuel Rico 0-0: Ball
1-0: Fly out, F7 (Flyball, 78XD)
Top of the 6th over - 0 runs, 0 hits, 0 errors, 0 left on base; Seattle 1 - St Charles 3
BOTTOM OF THE 6TH
St Charles Sheens batting - Pitching for Seattle Pikes : RHP Orlando Ojeda
Batting: RHB Max Rash 0-0: Ball
1-0: Ball
2-0: Ball
3-0: Called Strike
3-1: Base on Balls
Batting: RHB Miguel Encarnación 0-0: Fly out, F8 (Flyball, 8RXD)
Batting: RHB Judson Backstrom 0-0: Ball
1-0: Called Strike
1-1: Ball
2-1: Called Strike
2-2: Grounds into double play, 6-4-3 (Groundball, 6)
Bottom of the 6th over - 0 runs, 0 hits, 0 errors, 0 left on base; Seattle 1 - St Charles 3
TOP OF THE 7TH
Seattle Pikes batting - Pitching for St Charles Sheens : RHP Juan Rivera
Pitching: LHP Luis Valentín
Batting: LHB Roberto Lozano 0-0: Called Strike
0-1: Called Strike
0-2: Ball
1-2: Foul Ball, location: 2F
1-2: Ground out 4-3 (Groundball, 4S)
Pitching: RHP Augusto Herrera
Batting: RHB Randy Sheppard 0-0: Ball
1-0: Swinging Strike
1-1: Foul Ball, location: 2F
1-2: Strikes out swinging
Batting: RHB Iván Gonzáles 0-0: Ball
1-0: Foul Ball, location: 2F
1-1: Ball
2-1: Swinging Strike
2-2: Ball
3-2: Strikes out looking
Top of the 7th over - 0 runs, 0 hits, 0 errors, 0 left on base; Seattle 1 - St Charles 3
BOTTOM OF THE 7TH
St Charles Sheens batting - Pitching for Seattle Pikes : RHP Orlando Ojeda
Pitching: LHP Manny Sandoval
Batting: LHB Jason Lambert 0-0: Called Strike
0-1: Fly out, F8 (Flyball, 8RM)
Pitching: RHP George Gore
Batting: RHB Walton Smith 0-0: Ball
1-0: Ball
2-0: Ball
3-0: Base on Balls
Pinch Hitting: LHB Stan Bates 0-0: Ball
1-0: Called Strike
1-1: Ball
2-1: Fielders Choice at 2nd, 3-6 (Groundball, 34)
Pinch Hitting: LHB Benny Richard 0-0: Ball
1-0: Ball
2-0: Foul Ball, location: 2F
2-1: Ball
3-1: Called Strike
3-2: Fly out, F6 (Popup, 6)
Bottom of the 7th over - 0 runs, 0 hits, 0 errors, 1 left on base; Seattle 1 - St Charles 3
TOP OF THE 8TH
Seattle Pikes batting - Pitching for St Charles Sheens : RHP Augusto Herrera
Now at 2B: Alfredo Hernández
Now in CF: Augusto Trevino
Batting: RHB Arnold Harmon 0-0: Called Strike
0-1: Ball
1-1: Foul Ball, location: 2F
1-2: Ball
2-2: Ground out 6-3 (Groundball, 6)
Batting: SHB Richard Bowman 0-0: Called Strike
0-1: Called Strike
0-2: Ball
1-2: Strikes out swinging
Pinch Hitting: SHB António Hernández 0-0: SINGLE (Groundball, 4MD)
Batting: RHB Wallace Greene 0-0: Ground out 4-3 (Groundball, 4S)
Top of the 8th over - 0 runs, 1 hit, 0 errors, 1 left on base; Seattle 1 - St Charles 3
BOTTOM OF THE 8TH
St Charles Sheens batting - Pitching for Seattle Pikes : RHP George Gore
Now at 2B: António Hernández
Pinch Hitting: RHB Sergio Pujols 0-0: SINGLE (Line Drive, 6MD)
Pinch Hitting: RHB Jesús Hernández 0-0: Foul Ball, location: 2F
0-1: Fly out, F2 (Popup, 23F)
Pinch Hitting: LHB Kyle Harrison 0-0: Ball
1-0: Swinging Strike
1-1: Ball
2-1: TRIPLE (Line Drive, 89XD)
Sergio Pujols scores
Pinch Hitting: LHB Nick Gamble 0-0: Ball
1-0: Swinging Strike
1-1: Ball
2-1: Called Strike
2-2: Foul Ball, location: 2F
2-2: Foul Ball, location: 2F
2-2: Foul Ball, location: 2F
2-2: Fly out, F8 (Line Drive, 8LM)
Runner from 3rd tags up, SCORES, throw made
Batting: RHB Judson Backstrom 0-0: Ball
1-0: Foul Ball, location: 2F
1-1: Ball
2-1: Ball
3-1: SINGLE (Line Drive, 89S)
Pitching: RHP Héctor Rodríguez
Batting: LHB Jason Lambert 0-0: Ball
1-0: SINGLE (Groundball, 4D)
Judson Backstrom to second
Batting: RHB Walton Smith 0-0: Called Strike
0-1: Fielders Choice at 2nd, 5-4 (Groundball, 5L)
Bottom of the 8th over - 2 runs, 4 hits, 0 errors, 2 left on base; Seattle 1 - St Charles 5
TOP OF THE 9TH
Seattle Pikes batting - Pitching for St Charles Sheens : RHP Augusto Herrera
Now at 1B: Jesús Hernández
Now at 3B: Sergio Pujols
Now at SS: Kyle Harrison
Now in LF: Nick Gamble
Batting: SHB Nate Rhodes 0-0: Swinging Strike
0-1: Ball
1-1: Ball
2-1: Swinging Strike
2-2: Ground out 5-3 (Groundball, 56)
Pinch Hitting: RHB Murai Ishihara 0-0: Ground out 6-3 (Groundball, 6)
Pinch Hitting: RHB Robinson Pacheco 0-0: Ball
1-0: Ball
2-0: Ground out 5-3 (Groundball, 56S)
Top of the 9th over - 0 runs, 0 hits, 0 errors, 0 left on base; Seattle 1 - St Charles 5
Saturday, December 16th, 2017 - OOTP Baseball 18.8 Build 76